 Dungeon Crawl Stone Soup version 0.24.0-28-g17ded55e90 (webtiles) character file.

Game seed: 15985167070114223341, levelgen mode: deterministic

637 Delamore the Cleaver (level 7, -1/57 HPs)
             Began as a Hill Orc Monk on Nov 11, 2019.
             Slain by a phantom (4 damage)
             ... on level 5 of the Dungeon.
             The game lasted 00:07:15 (5259 turns).

Delamore the Cleaver (Hill Orc Monk)                Turns: 5259, Time: 00:07:16

Health: -1/57      AC:  3    Str: 16    XL:     7   Next: 50%
Magic:  7/7        EV: 13    Int: 15    God:
Gold:   215        SH:  0    Dex: 13    Spells: 6/6 levels left

rFire    . . .     SeeInvis .   a - +1 hand axe
rCold    . . .     Gourm    .   (no shield)
rNeg     . . .     Faith    .   b - +0 robe
rPois    .         Spirit   .   (no helmet)
rElec    .         Reflect  .   (no cloak)
rCorr    .         Harm     .   (no gloves)
MR       .....                  r - +0 pair of boots
Stlth    ++........             (no amulet)
HPRegen  0.19/turn              (no ring)
MPRegen  0.10/turn              (no ring)

@: brilliant
A: no striking features
a: no special abilities


You were on level 5 of the Dungeon.
You were hungry.

You visited 1 branch of the dungeon, and saw 5 of its levels.

You collected 215 gold pieces.

Inventory:

Hand Weapons
 a - a +1 hand axe (weapon)
Armour
 b - a +0 robe (worn)
 r - a +0 pair of boots (worn)
Jewellery
 t - an uncursed ring of ice {unknown}
 u - the cursed ring "Fuinel" {rF++ Str+2 Int-6, unknown}
   (You found it on level 4 of the Dungeon)

   [ring of intelligence]

   It affects your strength (+2).
   It affects your intelligence (-6).
   It greatly protects you from fire.
   It has a curse placed upon it.
Wands
 m - a wand of iceblast (2)
 q - a wand of flame (15)
Scrolls
 d - a scroll of identify
 e - a scroll of blinking
 f - a scroll of fear {unknown}
 g - a scroll of immolation
 k - a scroll of enchant weapon
 p - a scroll of remove curse
 v - 2 scrolls of noise {unknown}
Potions
 h - a potion of agility {unknown}
 j - 2 potions of haste {unknown}
 l - a potion of lignification {unknown}
 n - 2 potions of brilliance
 o - 2 potions of heal wounds {unknown}
 s - 2 potions of curing {unknown}
Comestibles
 c - 8 rations


   Skills:
 - Level 3.6 Fighting
 + Level 10.9 Axes
 - Level 2.4 Dodging
 - Level 1.5 Stealth


You had 6 spell levels left.
You didn't know any spells.
Your spell library was empty.

Dungeon Overview and Level Annotations

Branches:
Dungeon (5/15)
 Temple: D:4-7

Altars:
Dithmenos
Okawaru
The Shining One


Message History

The phantom is lightly damaged.
You hit the phantom.
The phantom is moderately damaged.
The phantom hits you.
* * * LOW HITPOINT WARNING * * *
You closely miss the phantom.
The phantom is moderately damaged.
The phantom misses you. The phantom barely misses you.
You climb downwards.
The worker ant zombie bites you.
* * * LOW HITPOINT WARNING * * *
A crimson imp comes into view.
The worker ant zombie bites you.
* * * LOW HITPOINT WARNING * * *
There is a stone staircase leading up, spattered with blood here.
It was a potion of brilliance.
You feel clever all of a sudden.
The crimson imp shouts!
The phantom hits you.
You die...

..........
.........
#.....5..
##.......
........##
.........##
.......†..#
>.......Z.#
.........@#
........W.#
.........)#
.........##
..#.....##
# #######


You could see a phantom, a crimson imp and a worker ant zombie.

Vanquished Creatures
  Grinder (D:3)
  Menkaure (D:5)
  A sky beast (D:5)
  A hound (D:4)
  2 orc wizards (D:4)
  6 adders
  A river rat (D:4)
  2 oozes
  2 worms (D:2)
  2 dart slugs
  2 leopard geckos
  6 orcs
  2 ball pythons
  6 giant cockroaches
  6 goblins
  3 hobgoblins (D:1)
  2 quokkas
  4 bats
  4 frilled lizards
  7 kobolds
  12 rats
73 creatures vanquished.

Notes
Turn   | Place    | Note
-------+----------+-------------------------------------------
     0 | D:1      | Delamore the Hill Orc Monk began the quest for the Orb.
     0 | D:1      | Reached XP level 1. HP: 19/19 MP: 1/1
   627 | D:1      | Reached XP level 2. HP: 26/26 MP: 2/2
   946 | D:1      | Reached skill level 5 in Axes
  1892 | D:2      | Found an iron altar of Okawaru.
  1992 | D:2      | Reached XP level 3. HP: 29/31 MP: 3/3
  2304 | D:2      | Found a shadowy altar of Dithmenos.
  2653 | D:2      | Reached skill level 6 in Axes
  3050 | D:3      | Noticed Grinder
  3061 | D:3      | Paralysed by Grinder for 5 turns
  3069 | D:3      | Paralysed by Grinder for 6 turns
  3075 | D:3      | Killed Grinder
  3075 | D:3      | Reached skill level 8 in Axes
  3075 | D:3      | Reached XP level 4. HP: 16/39 MP: 4/4
  3075 | D:3      | Reached XP level 5. HP: 19/45 MP: 5/5
  3075 | D:3      | Reached XP level 6. HP: 21/51 MP: 6/6
  3568 | D:3      | Found a glowing golden altar of the Shining One.
  3793 | D:3      | Reached skill level 9 in Axes
  4052 | D:4      | Found a glowing drain.
  4755 | D:4      | Got a steaming jade ring
  5226 | D:5      | Entered Level 5 of the Dungeon
  5226 | D:5      | Noticed Menkaure
  5226 | D:5      | Noticed a sky beast
  5229 | D:5      | Killed Menkaure
  5229 | D:5      | Reached skill level 10 in Axes
  5229 | D:5      | Reached XP level 7. HP: 57/57 MP: 7/7
  5259 | D:5      | Slain by a phantom

Levels and vault maps discovered:
D:1:      dpeg_arrival_arbitrary_a, layout_basic, serial_glass, glass_columns_c,
          glass_columns_b
D:2:      layout_loops_corners, old_standard_altar,
          lemuel_coloured_pillars_altar
D:3:      layout_basic, tso_altar, chequers_jeans, kennysheep_generic_room_7,
          uniq_grinder
D:4:      layout_basic, portal_sewer_entry_e, first_ration
D:5:      layout_rooms, gammafunk_temple_overflow_elements, minivault_26,
          uniq_menkaure

Skill      XL: |  1  2  3  4  5  6 |
---------------+-------------------+-----
Axes           | 5 8 10 | 10.9
Fighting       | |  3.6
Dodging        | |  2.4
Stealth        | |  1.5

Action                   |  1- 3 |  4- 6 |  7- 9 || total
-------------------------+-------+-------+-------++-------
Melee: Hand axe          |   111 |   149 |    19 ||   279
Evoke: Wand              |     2 |     2 |     1 ||     5
  Use: Scroll            |       |     6 |       ||     6
       Potion            |       |       |     1 ||     1
 Stab: Sleeping          |     2 |     2 |       ||     4
  Eat: Chunk             |     6 |     7 |       ||    13
Armor: Robe              |    10 |    31 |     4 ||    45
Dodge: Dodged            |    63 |   104 |    14 ||   181
